 Dungeon Crawl Stone Soup version 0.27.0-1-g7a089689b8 (webtiles) character file.

Game seed: 17988580648310640669

2344 sanka the Archer (level 9, -3/66 HPs)
             Began as a Vampire Hunter on Aug 3, 2021.
             Was a Believer of Okawaru.
             Slain by Maggie (5 damage)
             ... on level 7 of the Dungeon.
             The game lasted 00:12:49 (5670 turns).

sanka the Archer (Vampire Hunter)                   Turns: 5670, Time: 00:12:50

Health: -3/66      AC:  8    Str: 26    XL:     9   Next: 20%
Magic:  11/12      EV: 16    Int: 14    God:    Okawaru [**....]
Gold:   243        SH:  0    Dex: 14    Spells: 8/8 levels left

rFire    . . .     SeeInvis +   b - +0 shortbow (flame)
rCold    . . .     Faith    .   (shield currently unavailable)
rNeg     . . .     Spirit   .   G - +1 leather armour {rPois}
rPois    +         Reflect  .   r - +0 helmet
rElec    .         Harm     .   u - +0 cloak
rCorr    .         Rampage  .   C - +0 pair of gloves
Will     .....                  (no boots)
Stlth    +++.......             m - amulet of regeneration
HPRegen  1.41/turn              M - +6 ring of strength
MPRegen  0.13/turn              I - +6 ring of strength

@: brilliant, heroic, mesmerised, healing quickly, hasted, very quick
A: alive, fangs 3, see invisible, vampiric 2
a: Exsanguinate, Renounce Religion, Heroism


You were on level 7 of the Dungeon.
You worshipped Okawaru.
Okawaru was pleased with you.
You visited 2 branches of the dungeon, and saw 8 of its levels.
You also visited: Sewer.

You collected 243 gold pieces.


Innate Abilities, Weirdness & Mutations

Your natural rate of healing is accelerated.
You have razor-sharp teeth.
You have supernaturally acute eyesight. (SInv)
You are afflicted with vampirism and can become a bat while bloodless.


   Skills:
 + Level 4.5(9.5) Fighting
 * Level 8.6(13.6) Bows
 + Level 5.4(10.4) Dodging
 - Level 1.5(6.5) Stealth
 - Level 4.0 Invocations


You had 8 spell levels left.
You didn't know any spells.
Your spell library contained the following spells:

 Spells                   Type           Power      Damage    Failure   Level
 Summon Forest            Summ/Tloc      0%         N/A       100%        5
 Summon Mana Viper        Hex/Summ       0%         N/A       100%        5
 Shadow Creatures         Summ           N/A        N/A       100%        6

Inventory:

Hand Weapons
 a - a +2 spear of venom
 b - a +0 shortbow of flaming (weapon)
 c - a +3 quarterstaff of chaos
 j - a +0 short sword
 J - a +1 shortbow
Missiles
 d - 115 arrows (quivered ammo)
Armour
 p - a +0 scale mail
 r - a +0 helmet (worn)
 u - a +0 cloak (worn)
 C - a +0 pair of gloves (worn)
 G - a +1 leather armour of poison resistance (worn)
Jewellery
 m - an amulet of regeneration (around neck)
 t - an amulet of guardian spirit
 A - a ring of magical power
 I - a +6 ring of strength (right hand)
 M - a +6 ring of strength (left hand)
Wands
 z - a wand of charming (11)
 B - a wand of paralysis (20)
 F - a wand of iceblast (9)
 K - a wand of mindburst (12)
Scrolls
 e - a scroll of enchant armour {unknown}
 f - 3 scrolls of identify {unknown}
 i - a scroll of brand weapon {unknown}
 k - 3 scrolls of teleportation {unknown}
 n - a scroll of magic mapping {unknown}
 s - 2 scrolls of amnesia {unknown}
 y - a scroll of noise {unknown}
 D - 2 scrolls of summoning
 L - a scroll of fog {unknown}
Potions
 g - 5 potions of brilliance
 h - 4 potions of haste {@q3}
 l - a potion of flight {unknown}
 o - 2 potions of cancellation {unknown}
 q - 2 potions of lignification {unknown}
 v - a potion of mutation {unknown}
 w - a potion of magic {unknown}
 x - a potion of resistance {unknown}
 E - a potion of heal wounds {unknown}
 H - a potion of curing {@q1}

Dungeon Overview and Level Annotations

Branches:
Dungeon (7/15)             Temple (1/1) D:4           Sewer (visited)

Altars:
Cheibriados
Dithmenos
Elyvilon
Hepliaklqana
Nemelex Xobeh
Okawaru
Ru
Sif Muna
Uskayaw
Vehumet
Wu Jian
Xom
Yredelemnul
Zin
The Shining One

Shops:
D:2 *

Annotations:
D:4 3 runed translucent doors, Raspi's ghost, amateur DsFi
D:7 Maggie

▒▒...▒ ▒.▒▒▒▒▒....▒ ▒▒
▒.....<.▒..▒
.(...▒▒▒▒▒▒...▒▒▒▒
.▒▒.▒▒▒▒▒▒.▒....▒
@..........▒▒▒.▒
▒.▒▒▒▒▒▒.<.......
▒▒▒▒▒▒†▒▒▒▒▒..▒.......
£......(@(V....[▒▒▒..▒
▒▒......cJ.........(..
...▒▒▒.▒▒▒▒▒▒▒▒▒▒.▒▒ .
▒ ▒. ..▒ ▒. .. ▒. ..
V▒


You could see Maggie (mesmerising, very poisoned), a centaur and a jelly.


Message History

Maggie mumbles some strange words.
Maggie attempts to bespell you!
You are mesmerised by Maggie!
It was a potion of brilliance.
You feel clever all of a sudden. The vampire hits you.
* * * LOW HITPOINT WARNING * * *
The vampire bites you but does no damage.
The jelly misses you.
The centaur shoots an arrow.
The arrow closely misses the vampire.
The arrow hits you but does no damage.
Maggie zaps a wand.
The vampire's mind is blasted!!
The vampire is blown up!
Unknown command.
It was a potion of haste.
You feel yourself speed up.
The centaur shoots an arrow.
The arrow hits you but does no damage. The jelly hits you.
* * * LOW HITPOINT WARNING * * *
You are splashed with acid!
* * * LOW HITPOINT WARNING * * *
The centaur shoots an arrow.
The arrow hits you but does no damage.
Maggie hits you from afar with a +2 glaive of flaming!
* * * LOW HITPOINT WARNING * * *
Maggie burns you.
You die...

Action                   |  1- 3 |  4- 6 |  7- 9 || total
-------------------------+-------+-------+-------++-------
Melee: Spear             |    41 |   214 |   297 ||   552
       Bite              |     1 |    10 |    33 ||    44
 Fire: Shortbow          |    48 |    16 |    76 ||   140
Invok: Heroism           |       |       |     1 ||     1
  Use: Potion            |       |       |     3 ||     3
 Stab: Sleeping          |       |     2 |       ||     2
       Distracted        |       |     1 |     1 ||     2
Armor: Leather armour    |     7 |    54 |   102 ||   163
Dodge: Dodged            |    29 |   120 |   206 ||   355

Levels and vault maps discovered:
D:1:      dpeg_arrival_simpleton_a, layout_loops_ring,
          shapermc_ecumenical_altar_hornbeckon
D:2:      layout_rooms, serial_shops, nicolae_diamond_shop
D:3:      wander_river, layout_rooms, chequers_temple_overflow_minitemple,
          uniq_terence
D:4:      layout_rooms, minmay_temple_entry_mist, gammafunk_ghost_split,
          portal_sewer_entry_a, uniq_menkaure
D:5:      layout_basic, cheibrodos_worm_habitat, uniq_prince_ribbit1,
          uniq_edmund, uniq_crazy_yiuf_cottage
D:6:      layout_rooms, nrook_mini_vaults, st_stairs_4
D:7:      layout_rooms, uniq_maggie
Temple:   nicolae_temple_hex_pool

Notes
Turn   | Place    | Note
-------+----------+-------------------------------------------
     0 | D:1      | sanka the Vampire Hunter began the quest for the Orb.
     0 | D:1      | Reached XP level 1. HP: 16/16 MP: 1/1
   100 | D:1      | Reached XP level 2. HP: 21/22 MP: 2/2
   165 | D:1      | Reached skill level 4 in Bows
   392 | D:1      | Gained mutation: You are afflicted with vampirism and can
                  | become a bat while bloodless. [Vampire growth]
   392 | D:1      | Reached XP level 3. HP: 27/27 MP: 3/3
   535 | D:1      | Found a faded altar of an unknown god.
  1152 | D:2      | Reached XP level 4. HP: 33/33 MP: 4/4
  1200 | D:2      | Found Buarch's Assorted Antiques.
  1281 | D:3      | Noticed a scorpion
  1291 | D:3      | Killed a scorpion
  1292 | D:3      | Reached skill level 5 in Bows
  1292 | D:3      | Reached XP level 5. HP: 20/38 MP: 5/5
  1466 | D:3      | Noticed Terence
  1478 | D:3      | Killed Terence
  1787 | D:3      | Found a radiant altar of Vehumet.
  1799 | D:3      | Reached skill level 6 in Bows
  1820 | D:3      | Found a faded altar of an unknown god.
  1822 | D:3      | Found a shimmering altar of Xom.
  1824 | D:3      | Found a hazy altar of Hepliaklqana.
  1870 | D:4      | Found a staircase to the Ecumenical Temple.
  1882 | Temple   | Entered the Ecumenical Temple
  1927 | Temple   | Became a worshipper of Warmaster Okawaru
  2049 | D:4      | Noticed Raspi's ghost (amateur DsFi)
  2080 | D:4      | Reached XP level 6. HP: 41/44 MP: 6/6
  2127 | D:4      | Found a glowing drain.
  2173 | D:4      | Reached skill level 1 in Invocations
  2184 | Sewer    | Entered a sewer
  2847 | D:4      | Noticed Menkaure
  2866 | D:4      | Killed Menkaure
  2866 | D:4      | Reached * piety under Okawaru
  2867 | D:4      | Reached skill level 2 in Invocations
  2867 | D:4      | Reached XP level 7. HP: 35/49 MP: 8/8
  3107 | D:4      | Found a runed translucent gate.
  3108 | D:4      | Found a runed translucent gate.
  3108 | D:4      | Found a runed translucent gate.
  3254 | D:5      | Entered Level 5 of the Dungeon
  3289 | D:5      | Reached skill level 2 in Fighting
  3476 | D:5      | Noticed Edmund
  3510 | D:5      | Killed Edmund
  3511 | D:5      | Reached skill level 7 in Bows
  3511 | D:5      | Reached skill level 3 in Dodging
  3511 | D:5      | Reached skill level 3 in Invocations
  3595 | D:5      | Reached ** piety under Okawaru
  3655 | D:5      | Reached XP level 8. HP: 42/57 MP: 10/10
  3988 | D:5      | Reached skill level 3 in Fighting
  4011 | D:5      | Found a runed translucent door.
  4012 | D:5      | Noticed Crazy Yiuf
  4207 | D:5      | Noticed Prince Ribbit
  4228 | D:5      | Killed Prince Ribbit
  4229 | D:5      | Reached skill level 4 in Dodging
  4411 | D:5      | Reached skill level 4 in Invocations
  4508 | D:5      | Found a snail-covered altar of Cheibriados.
  4779 | D:5      | Killed Crazy Yiuf
  4960 | D:6      | Reached skill level 8 in Bows
  5042 | D:6      | Reached skill level 4 in Fighting
  5244 | D:6      | Reached skill level 5 in Dodging
  5244 | D:6      | Reached XP level 9. HP: 56/65 MP: 12/12
  5650 | D:7      | Identified +2 acid dragon scales
  5650 | D:7      | Noticed Maggie
  5651 | D:7      | Reached *** piety under Okawaru
  5670 | D:7      | HP: 2/66 [Maggie (11)]
  5670 | D:7      | Slain by Maggie

Vanquished Creatures
  Prince Ribbit (D:5)
  A steam dragon (D:7)
  Menkaure (D:4)
  Edmund (D:5)
  A sky beast (D:5)
  A black bear (D:5)
  A necrophage (D:6)
  An ogre (D:6)
  A centaur (D:6)
  A kobold brigand (D:4)
  A phantom (D:5)
  2 scorpions
  A water moccasin skeleton (D:5)
  3 killer bees (D:6)
  A centaur zombie (D:5)
  3 bullfrog zombies
  2 hounds
  3 orc priests
  A gnoll shaman (D:6)
  Crazy Yiuf (D:5)
  4 iguanas
  A scorpion zombie (D:5)
  Terence (D:3)
  2 orc wizards
  A hound skeleton (D:5)
  5 gnolls
  14 adders
  A river rat (D:4)
  A white imp (D:5)
  An ufetubus (D:6)
  A worm (D:5)
  A dart slug (D:1)
  27 orcs
  5 ball pythons
  2 bats
  7 endoplasms
  3 giant cockroaches
  8 goblins
  4 hobgoblins
  17 jackals
  2 quokkas (D:1)
  6 frilled lizards
  10 kobolds
  6 rats
158 creatures vanquished.

Vanquished Creatures (others)
  A vampire (D:7)
  14 plants (Sewer)
15 creatures vanquished.

Grand Total: 173 creatures vanquished
